 Dungeon Crawl Stone Soup version 0.16-a0-702-gf4f471d (webtiles) character file.

128 PolkaDot the Ruffian (level 4, -10/35 HPs)
             Began as a Draconian Transmuter on Sept 19, 2014.
             Splashed by a jelly's acid (11 damage)
             ... on Level 3 of the Dungeon on Sept 20, 2014.
             The game lasted 00:04:57 (1693 turns).

PolkaDot the Ruffian (Draconian Transmuter)         Turns: 1693, Time: 00:04:57

HP -10/35        AC  5     Str 18      XL: 4   Next: 87%
MP   5/7         EV 12     Int 13      God:
Gold 55          SH  0     Dex 12      Spells:  1 memorised,  6 levels left

rFire  . . .     SeeInvis .       - Unarmed
rCold  . . .     Clarity  .     (armour unavailable)
rNeg   . . .     rCorr    .     (no shield)
rPois  .         rRot     .     (helmet restricted)
rElec  .         Spirit   .     (no cloak)
SustAb .         Warding  .     (no gloves)
rMut   .         Stasis   .     (boots unavailable)
Gourm  .                        (no amulet)
MR     .....                    (no ring)
                                (no ring)

@: mighty, appendage (expiring), not resistant to hostile enchantments, very
unstealthy
A: unfitting armour, talons 3, cold-blooded, AC +5
a: End Transformation


You were on level 3 of the Dungeon.
You were not hungry.
You had grown temporary talons.
You visited 1 branch of the dungeon, and saw 3 of its levels.

You collected 55 gold pieces.

Inventory:

Missiles
 a - 35 arrows
Comestibles
 b - a bread ration
 c - a beef jerky
 k - a meat ration
Scrolls
 e - 2 scrolls of noise {unknown}
 h - a scroll of recharging {unknown}
 l - 2 scrolls of blinking {unknown}
 q - a scroll of enchant armour {unknown}
 r - a scroll of teleportation {unknown}
 s - a scroll of fear {unknown}
Jewellery
 i - an uncursed amulet of resist corrosion {unknown}
 n - an uncursed ring of poison resistance {unknown}
Potions
 f - a potion of lignification {unknown}
 g - a potion of might
 m - a potion of curing {unknown}
 o - a potion of invisibility {unknown}
 p - a potion of resistance {unknown}
Books
 d - a book of Changes

   Spells                             Type                      Level
   *Beastly Appendage                 Transmutation                1
   Sticks to Snakes                   Transmutation                2
   Spider Form                        Transmutation/Poison         3
   Ice Form                           Ice/Transmutation            4
   Blade Hands                        Transmutation                5


   Skills:
 - Level 1.1 Fighting
 - Level 1.7 Dodging
 * Level 5.6 Unarmed Combat
 - Level 2.0 Spellcasting
 - Level 2.0 Transmutations


You had 6 spell levels left.
You knew the following spells:

 Your Spells              Type           Power        Failure   Level  Hunger
a - Beastly Appendage     Trmt           #.....       12%         1    ##.....


Dungeon Overview and Level Annotations

Branches:
Dungeon (3/15)

Altars:


Innate Abilities, Weirdness & Mutations

Your plain brown scales are hard (AC +5).
Your body does not fit into most forms of armour.
Your cold-blooded metabolism reacts poorly to cold.
You have claws for feet.


Message History

* * * LOW HITPOINT WARNING * * *
You barely miss the hobgoblin. The hobgoblin hits you.
* * * LOW HITPOINT WARNING * * *
You closely miss the hobgoblin.
The hobgoblin hits you but does no damage.
You punch the hobgoblin!
You kill the hobgoblin!
You punch the jelly!
Your hands burn!
* * * LOW HITPOINT WARNING * * *
You claw the jelly.
The jelly is heavily wounded.
You hear a slurping noise.
The jelly splits in two!
The jelly hits you but does no damage.
You hit the jelly.
Your hands burn!
* * * LOW HITPOINT WARNING * * *
The jelly is lightly wounded.
The jelly hits you.
* * * LOW HITPOINT WARNING * * *
You are splashed with acid!
The acid burns!
You die...

.........
.#........
..........
#.#.......#
<..........#
#.....##....#
#...........#
#.....##.<#.#
#.....##@##.#
..#......J.# .#
J.......J### .#
.............##
.......###..#
.>#...# .#
...... # .....
...


You could see 2 jellies.

Vanquished Creatures
  An ogre (D:3)
  An adder (D:2)
  2 worms (D:2)
  An ooze (D:1)
  6 goblins
  6 hobgoblins
  4 kobolds
  3 bats
  A giant cockroach (D:2)
  3 giant newts
  7 rats
35 creatures vanquished.

Notes
Turn   | Place    | Note
--------------------------------------------------------------
     0 | D:1      | PolkaDot, the Draconian Transmuter, began the quest for the Orb.
     0 | D:1      | Reached XP level 1. HP: 16/16 MP: 3/3
   255 | D:1      | Reached XP level 2. HP: 23/23 MP: 2/4
   750 | D:2      | Reached skill level 4 in Unarmed Combat
   997 | D:2      | Reached XP level 3. HP: 20/28 MP: 3/6
  1677 | D:3      | Noticed an ogre
  1686 | D:3      | Killed an ogre
  1686 | D:3      | Reached skill level 5 in Unarmed Combat
  1686 | D:3      | Reached XP level 4. HP: 15/35 MP: 5/7
  1693 | D:3      | HP: 1/35 [jelly (3)]
  1693 | D:3      | Splashed by a jelly's acid

Action                   |  1- 3 |  4- 6 || total
-------------------------+-------+-------++-------
Melee: Unarmed           |    91 |     7 ||    98
Throw: Throwing net      |     1 |       ||     1
 Cast: Beastly Appendage |    16 |       ||    16
  Use: Potion            |     1 |       ||     1
  Eat: Chunk             |     3 |       ||     3
